Match 43934689
Unlisted

Match 43934689
End
Selects Armored Battlegroup
Selects Assault Engineers
Assault Engineer Squad
Assault Engineer Squad
Assault Engineer Squad
Construct Weapon Support Center
M1919 Machine Gun Team
Infantry Support Center
Bazooka Squad
Selects Field Repairs
Selects Fast Deploy
Construct Tank Depot
M4A1 Sherman Medium Tank
Selects Seek and Destroy
Selects UNKNOWN (2160077)
Selects Field Repairs
M4A3E8 Sherman Easy Eight
M4A3E8 Sherman Easy Eight
Field Repairs
Selects War Machine
M4A3E8 Sherman Easy Eight
Assault Engineer Squad
Bazooka Squad
Bazooka Squad
M4A3E8 Sherman Easy Eight
Assault Engineer Squad
Bazooka Squad
Field Repairs
Bazooka Squad
Bazooka Squad
Improved M9 Bazooka Rockets
Field Repairs
M4A3E8 Sherman Easy Eight
Seek and Destroy
M4A3E8 Sherman Easy Eight
Advanced Logistics
Castellan
Tamplar_kaz
ruthless_exorcist
diritar
Bosman
Gernhardt Reinlunzen
cannot compute
603210747
0
0

Comments sign in to comment!

No comments posted yet!